 Dungeon Crawl Stone Soup version 0.29.1-4-g47bece8355 (webtiles) character file.

Game seed: 13042169114147795000

845 GigaChad the Chopper (level 7, 0/63 HPs)
             Began as a Minotaur Fighter on Nov 29, 2022.
             Was a Priest of Nemelex Xobeh.
             Killed from afar by a steam dragon (11 damage)
             ... with a ball of steam
             ... on level 6 of the Dungeon on Dec 1, 2022.
             The game lasted 00:12:16 (4107 turns).

GigaChad the Chopper (Minotaur Fighter)             Turns: 4107, Time: 00:12:17

Health: 0/63       AC: 10    Str: 28    XL:     7   Next: 68%
Magic:  6/6        EV: 10    Int:  5    God:    Nemelex Xobeh [***...]
Gold:   316        SH:  5    Dex: 10    Spells: 6/6 levels left

rFire   . . .      SeeInvis .   a - +1 war axe
rCold   . . .      Faith    .   c - +0 buckler
rNeg    . . .      Spirit   .   b - +0 scale mail
rPois   +          Reflect  .   (helmet restricted)
rElec   .          Harm     .   h - +2 cloak {rPois}
rCorr   .          Rampage  .   (no gloves)
Will    .....                   (no boots)
Stlth   ..........              j - amulet of regeneration
HPRegen 1.00/turn               g - +4 ring of slaying
MPRegen 0.10/turn               n - +6 ring of strength

@: no status effects
A: horns 2, retaliatory headbutt
a: Renounce Religion, Draw Escape, Draw Destruction, Draw Summoning, Triple Draw


You were on level 6 of the Dungeon.
You worshipped Nemelex Xobeh.
Nemelex Xobeh was most pleased with you.
You visited 1 branch of the dungeon, and saw 6 of its levels.

You collected 316 gold pieces.

Inventory:

Hand Weapons
 a - a +1 war axe (weapon)
Missiles
 x - a throwing net (quivered)
Armour
 b - a +0 scale mail (worn)
 c - a +0 buckler (worn)
 h - a +2 cloak of poison resistance (worn)
 m - a +2 cloak
Jewellery
 g - a +4 ring of slaying (left hand)
 j - an amulet of regeneration (around neck)
 n - a +6 ring of strength (right hand)
 p - a ring of willpower
Wands
 s - a wand of flame (10)
 t - a wand of paralysis (12)
Scrolls
 l - 2 scrolls of poison
 q - a scroll of immolation {unknown}
 r - 3 scrolls of identify
 u - 3 scrolls of enchant weapon
 v - a scroll of vulnerability {unknown}
 y - a scroll of silence {unknown}
 A - 2 scrolls of amnesia {unknown}
Potions
 d - 2 potions of might
 e - 3 potions of heal wounds {unknown}
 f - 2 potions of curing {unknown}
 i - a potion of brilliance {unknown}
 k - a potion of invisibility {unknown}
 o - a potion of attraction {unknown}
 w - a potion of lignification {unknown}
 z - a potion of mutation {unknown}


   Skills:
 * Level 6.1 Fighting
 + Level 6.7 Axes
 + Level 6.0 Armour
 - Level 1.1 Dodging
 - Level 0.2 Stealth
 * Level 5.5 Shields


You had 6 spell levels left.
You didn't know any spells.
Your spell library contained the following spells:

 Spells                   Type           Power      Damage    Failure   Level
 Confusing Touch          Hex            0%         N/A       99%         3
 Summon Forest            Summ/Tloc      0%         N/A       100%        5
 Yara's Violent Unravell  Hex/Tmut       0%         3d3       100%        5
 Dispersal                Tloc           0%         N/A       100%        6
 Eringya's Noxious Bog    Tmut/Pois      0%         N/A       100%        6
 Enfeeble                 Hex            0%         N/A       100%        7
 Summon Hydra             Summ           0%         N/A       100%        7
 Disjunction              Tloc           0%         N/A       100%        8


Dungeon Overview and Level Annotations

Branches:
Dungeon (6/15)             Temple (0/1) D:6

Altars:
Cheibriados
Kikubaaqudgha
Nemelex Xobeh

Shops:
D:3 *


Innate Abilities, Weirdness & Mutations

You have a pair of horns on your head.
You reflexively headbutt those who attack you in melee.


Message History

You kill the ice beast!
Your Fighting skill increases to level 6!
Your Armour skill increases to level 6!
The iguana barely misses you.
You closely miss the iguana.
The iguana bites you but does no damage.
You slash the iguana!
You kill the iguana!
You see here an iguana corpse.
A steam dragon comes into view.
The steam dragon breathes steam at you. The ball of steam hits you!
* * * LOW HITPOINT WARNING * * *
A phantom and a centaur come into view.
You are engulfed in a cloud of scalding steam.
The centaur shouts!
The centaur wields a +0 shortbow.
The centaur shoots an arrow.
The arrow barely misses you.
Really walk into that cloud of steam? [Y]es or [N]o only, please.
Really walk into that cloud of steam? [Y]es or [N]o only, please.
Really walk into that cloud of steam? [Y]es or [N]o only, please.
Really walk into that cloud of steam? [Y]es or [N]o only, please.
Really walk into that cloud of steam?
Okay, then.
There are monsters nearby!
As you read the scroll labelled ROCAON FOONO, it crumbles to dust.
It is a scroll of enchant weapon.
Your +0 war axe glows red for a moment.
The centaur shoots an arrow.
The arrow hits you!
* * * LOW HITPOINT WARNING * * *
The phantom is engulfed in a cloud of scalding steam.
The centaur shoots an arrow.
The arrow hits you but does no damage. The steam dragon breathes steam at you.
The ball of steam hits you!
You die...
Your body disappears without a glow.

... ....... ....
..###....... ..... ..
...........
.......#.8.###..........
...............W........
.......8.>.8....D.......
................§##.....
...... .8.#....§.#...##
...#######......@.......
.....[..##...##.........
........##...##.........
........##......†.......
.....#+###....))........
.......[......).........
........................
........................
#............####.......


You could see a phantom.

Vanquished Creatures
  3 ice beasts
  2 ogres
  A scorpion (D:4)
  A hound (D:4)
  2 jellies
  Jessica (D:3)
  An iguana (D:6)
  An orc wizard (D:4)
  3 gnolls (D:5)
  3 adders
  A shadow imp (D:5)
  An ufetubus (D:4)
  2 worms (D:2)
  2 dart slugs
  11 orcs
  6 bats
  9 endoplasms
  4 giant cockroaches
  5 goblins
  8 hobgoblins
  5 jackals
  5 kobolds
  4 quokkas
  4 ball pythons
  3 frilled lizards
  2 rats
90 creatures vanquished.

Vanquished Creatures (others)
  2 withered plants (D:1)
2 creatures vanquished.

Grand Total: 92 creatures vanquished

Notes
Turn   | Place    | Note
-------+----------+-------------------------------------------
     0 | D:1      | GigaChad the Minotaur Fighter began the quest for the Orb.
     0 | D:1      | Reached XP level 1. HP: 19/19 MP: 0/0
   111 | D:1      | Reached XP level 2. HP: 27/27 MP: 1/1
   517 | D:1      | Found a faded altar of an unknown god.
   536 | D:1      | Prayed at the altar of an unknown god.
   536 | D:1      | Became a worshipper of Nemelex Xobeh the Trickster
   536 | D:1      | Reached * piety under Nemelex Xobeh
   800 | D:2      | Reached XP level 3. HP: 32/34 MP: 2/2
   810 | D:2      | Received a gift from Nemelex Xobeh
  1374 | D:3      | Reached XP level 4. HP: 41/41 MP: 3/3
  1379 | D:3      | Reached ** piety under Nemelex Xobeh
  1480 | D:3      | Received a gift from Nemelex Xobeh
  1774 | D:3      | Noticed Jessica
  1782 | D:3      | Killed Jessica
  1942 | D:3      | Found Orump's Assorted Antiques.
  1948 | D:3      | Reached skill level 1 in Dodging
  2580 | D:4      | Reached XP level 5. HP: 47/47 MP: 4/4
  2704 | D:4      | Noticed an ogre
  2710 | D:4      | Killed an ogre
  2814 | D:4      | Reached skill level 5 in Fighting
  2814 | D:4      | Reached skill level 5 in Armour
  2814 | D:4      | Reached XP level 6. HP: 49/56 MP: 5/5
  2963 | D:4      | Reached skill level 5 in Axes
  2975 | D:4      | Upgraded the game from 0.29.1-2-gbd0b4ee654 to
                  | 0.29.1-4-g47bece8355
  3109 | D:5      | Entered Level 5 of the Dungeon
  3161 | D:5      | Noticed an ice beast
  3168 | D:5      | Killed an ice beast
  3169 | D:5      | Reached skill level 5 in Shields
  3277 | D:5      | Found a snail-covered altar of Cheibriados.
  3277 | D:5      | Found an ancient bone altar of Kikubaaqudgha.
  3443 | D:5      | Reached *** piety under Nemelex Xobeh
  3544 | D:5      | Reached XP level 7. HP: 44/61 MP: 6/6
  4063 | D:6      | Received a gift from Nemelex Xobeh
  4072 | D:6      | Found a staircase to the Ecumenical Temple.
  4101 | D:6      | Noticed a steam dragon
  4107 | D:6      | Killed from afar by a steam dragon

Illustrated notes

Levels and vault maps discovered:
D:1:      tarquinn_simple_flora_water_e, layout_loops_ring,
          ebering_ecumenical_altar_petrified
D:2:      layout_rooms
D:3:      layout_loops_corners, serial_shops, shop, nrook_uturn,
          kennysheep_jessica_study
D:4:      layout_gridville, grunt_ministairs_10, roderic_cross_of_infinity,
          minmay_misc_feat_chi
D:5:      layout_loops_corners, nicolae_overflow_hidden_temple
D:6:      layout_basic, minmay_temple_entry_statues_pillars

Skill      XL: |  1  2  3  4  5  6  7 |
---------------+----------------------+-----
Fighting       | 4 5 6 |  6.1
Shields        | 4 5 |  5.5
Armour         | 4 5 6 |  6.0
Axes           | 3 4 5 6 |  6.7
Dodging        | 1 |  1.1
Stealth        | |  0.2

Action                   |  1- 3 |  4- 6 |  7- 9 || total
-------------------------+-------+-------+-------++-------
Melee: War axe           |    75 |    62 |    22 ||   159
       Headbutt          |     7 |    10 |     3 ||    20
Invok: Draw Destruction  |       |     1 |       ||     1
  Use: Scroll            |     2 |     1 |     1 ||     4
Armor: Scale mail        |    53 |    22 |    16 ||    91
Dodge: Dodged            |    55 |    31 |    11 ||    97
Block: Buckler           |    22 |     8 |     1 ||    31
